 Dungeon Crawl Stone Soup version 0.17-a0-1020-ge683cc4 (webtiles) character file.

1307 Kisielow the Blocker (level 8, 0/70 HPs)
             Began as a Minotaur Fighter on May 13, 2015.
             Slain by an orc warrior
             ... wielding a +0 halberd
              (23 damage)
             ... on level 6 of the Dungeon.
             The game lasted 00:07:57 (4199 turns).

Kisielow the Blocker (Minotaur Fighter)             Turns: 4199, Time: 00:07:57

Health: 0/70       AC:  9    Str: 28    XL:     8   Next: 32%
Magic:  7/7        EV:  8    Int:  5    God:
Gold:   329        SH: 12    Dex: 10    Spells: 0 memorised, 7 levels left

rFire  . . .     SeeInvis .     a - +0 long sword
rCold  . . .     Clarity  .     b - +0 scale mail
rNeg   . . .     SustAb   .     c - +0 shield
rPois  .         Gourm    .     (helmet restricted)
rElec  .         Spirit   .     (no cloak)
rCorr  .         Warding  .     (no gloves)
rMut   .         Stasis   .     p - +0 pair of boots
MR     +....                    (no amulet)
Stlth  ..........               (no ring)
                                r - ring of protection from magic

@: mighty, somewhat resistant to hostile enchantments, extremely unstealthy
A: retaliatory headbutt, horns 2
a: no special abilities


You were on level 6 of the Dungeon.
You were hungry.

You visited 1 branch of the dungeon, and saw 6 of its levels.

You collected 329 gold pieces.

Inventory:

Hand weapons
 a - a +0 long sword (weapon)
Armour
 b - a +0 scale mail (worn)
 c - a +0 shield (worn)
 p - a +0 pair of boots (worn)
Jewellery
 r - a ring of protection from magic (left hand)
Scrolls
 h - 5 scrolls of identify {unknown}
 j - 2 scrolls of teleportation {unknown}
 m - a scroll of immolation
 n - a scroll of remove curse
 q - a scroll of noise {unknown}
 s - a scroll of recharging {unknown}
 t - a scroll of blinking {unknown}
 y - a scroll of random uselessness {unknown}
 A - a scroll of amnesia {unknown}
 B - a scroll of magic mapping {unknown}
Potions
 i - 2 potions of haste {unknown}
 k - a potion of degeneration {unknown}
 l - a potion of cure mutation
 u - 2 potions of curing {unknown}
 v - a potion of beneficial mutation {unknown}
 w - a potion of agility {unknown}
 z - a potion of heal wounds {unknown}
 D - 2 potions of resistance {unknown}
Comestibles
 e - 2 bread rations
 f - 8 fruits
 g - 3 beef jerkies
 o - 3 chunks of flesh
 x - 3 slices of pizza
 C - a meat ration


   Skills:
 * Level 6.1 Fighting
 * Level 5.9 Long Blades
 * Level 7.2 Armour
 * Level 8.3 Shields


You had 7 spell levels left.
You didn't know any spells.

Dungeon Overview and Level Annotations

Branches:
Dungeon (6/15)
 Temple: D:4-7

Altars:
Dithmenos
Kikubaaqudgha
Sif Muna
Trog
Xom
Yredelemnul

Shops:
D:4 [   D:5 *

Annotations:
D:6 Sigmund


Innate Abilities, Weirdness & Mutations

You reflexively headbutt those who attack you in melee.
You have a pair of horns on your head.


Message History

You headbutt the orc warrior, but do no damage.
The orc warrior is almost dead.
Sigmund casts a spell.
Sigmund flickers and vanishes!
Deactivating autopickup; reactivate with Ctrl-A.
You block the orc's attack.
The orc warrior hits you with a halberd.
The orc hits you with a whip.
The orc priest hits you but does no damage.
Drink which item? (? for menu, Esc to quit)
You feel very mighty all of a sudden. The orc hits you but does no damage.
You block the orc's attack.
The orc warrior hits you but does no damage.
The orc priest mumbles some strange prayers to Beogh.
You feel troubled.
Drink which item? (? for menu, Esc to quit)
It was a potion of cure mutation.
It has a very clean taste.
The orc hits you but does no damage. You block the orc's attack.
The orc warrior hits you with a halberd!!
You die...

##..######
##.# ##..##
#..# #..###
#..# #..#.#
#..# #....##+#
#..#
##......#.#
##.#
##.......# ###
##oo....##...#
#.o@##.## ..#
......o#####
## .#....S
###... #..#
#.# #. #(


You could see an orc warrior, an orc priest, an adder and 2 orcs.

Vanquished Creatures
  The ghost of kinazarov the Ruffian, an average VSMo (D:3)
  The ghost of Oper80 the Chucker, an average OgHu (D:4)
  2 centaurs
  An orc warrior (D:6)
  An ogre (D:4)
  Blork the orc (D:6)
  A giant frog (D:5)
  A scorpion (D:4)
  2 vampire bats (D:2)
  An orc wizard (D:3)
  2 hounds
  A jelly (D:5)
  2 orc priests (D:6)
  2 worker ants
  A hound skeleton (D:4)
  4 adders
  An ooze (D:6)
  A worm (D:4)
  10 orcs
  3 bat skeletons
  3 bat zombies (D:2)
  A giant cockroach (D:5)
  6 hobgoblins
  2 jackals (D:2)
  10 kobolds
  2 ball pythons (D:1)
  13 bats
  7 giant geckos
  4 giant newts
  10 goblins
  3 quokkas
  A quokka skeleton (D:5)
  A quokka zombie (D:5)
  14 rats
116 creatures vanquished.

Notes
Turn   | Place    | Note
--------------------------------------------------------------
     0 | D:1      | Kisielow the Minotaur Fighter began the quest for the Orb.
     0 | D:1      | Reached XP level 1. HP: 19/19 MP: 0/0
   152 | D:1      | Reached XP level 2. HP: 27/27 MP: 1/1
   337 | D:1      | Reached skill level 4 in Shields
   808 | D:2      | Found a bloodstained altar of Trog.
   838 | D:2      | Reached XP level 3. HP: 29/33 MP: 2/2
  1007 | D:2      | Found an ancient bone altar of Kikubaaqudgha.
  1007 | D:2      | Noticed a vampire bat
  1009 | D:2      | Noticed a vampire bat
  1013 | D:2      | Killed a vampire bat
  1013 | D:2      | Reached XP level 4. HP: 34/41 MP: 3/3
  1013 | D:2      | Killed a vampire bat
  1013 | D:2      | Reached skill level 5 in Shields
  1244 | D:2      | Reached XP level 5. HP: 47/47 MP: 4/4
  1481 | D:3      | Noticed kinazarov's ghost (average VSMo)
  1488 | D:3      | Killed kinazarov's ghost
  1488 | D:3      | Reached skill level 5 in Armour
  1488 | D:3      | Reached skill level 6 in Shields
  1488 | D:3      | Reached XP level 6. HP: 47/55 MP: 5/5
  1868 | D:4      | Found Teerojel's Armour Emporium.
  2007 | D:4      | Found a deep blue altar of Sif Muna.
  2102 | D:4      | Reached skill level 5 in Fighting
  2107 | D:4      | Lost intelligence.
  2340 | D:3      | Reached XP level 7. HP: 29/61 MP: 6/6
  2648 | D:4      | Noticed Oper80's ghost (average OgHu)
  2665 | D:4      | HP: 1/61 [Oper80's ghost (3)]
  2667 | D:4      | Killed Oper80's ghost
  2667 | D:4      | Reached skill level 7 in Shields
  3150 | D:5      | Entered Level 5 of the Dungeon
  3183 | D:5      | Found Gelex's Assorted Antiques.
  3250 | D:5      | Found a basalt altar of Yredelemnul.
  3333 | D:5      | Found a shimmering altar of Xom.
  3497 | D:5      | Found a shadowy altar of Dithmenos.
  3540 | D:5      | Reached skill level 5 in Long Blades
  4013 | D:6      | Noticed Blork the orc
  4019 | D:6      | Killed Blork the orc
  4019 | D:6      | Reached XP level 8. HP: 68/70 MP: 7/7
  4028 | D:6      | Reached skill level 8 in Shields
  4196 | D:6      | Noticed Sigmund
  4199 | D:6      | Slain by an orc warrior

Vault maps used:
D:1:      matt_arrival_los_fun
D:2:      kennysheep_vampire_church, bloody_trog, first_bread
D:4:      lemuel_blue_sif_altar, serial_shops, kennysheep_mini_moat
D:5:      nicolae_overflow_crystal_walls, basic_altar, serial_shops,
          nicolae_shop_trees, hangedman_abyss_or_decor_jellyfish_corner,
          xom_teletrap_fun
D:6:      lemuel_upstairs_altar, grunt_dithmenos_shadows, temple_green,
          uniq_sigmund, uniq_blork_the_orc, uniq_edmund

Action                   |  1- 3 |  4- 6 |  7- 9 || total
-------------------------+-------+-------+-------++-------
Melee: Long sword        |    91 |    80 |   152 ||   323
  Use: Scroll            |       |     2 |       ||     2
       Potion            |       |       |     5 ||     5
  Eat: Chunk             |       |     3 |     3 ||     6
       Bread ration      |       |     1 |       ||     1
